 Dungeon Crawl Stone Soup version 0.31.0-11-ge490571c62 (webtiles) character file.

Game seed: 14833516500176487124

14302 monsoonserge the Cleaver (level 12, -5/89 (103) HPs)
             Began as a Hill Orc Fighter on Jan 30, 2024.
             Was an Initiate of Nemelex Xobeh.
             Killed from afar by Nergalle (23 damage)
             ... with a bolt of negative energy
             ... on level 10 of the Dungeon on Jan 31, 2024.
             The game lasted 00:23:55 (11136 turns).

monsoonserge the Cleaver (Hill Orc Fighter)        Turns: 11136, Time: 00:23:56

HP:   -5/89 (103)   AC: 27    Str: 30    XL:     12   Next: 15%
MP:   21/21         EV:  8    Int:  8    God:    Nemelex Xobeh [......]
Gold: 495           SH: 12    Dex: 10    Spells: 11/11 levels left

rFire   . . .        a - +0 war axe (protect)
rCold   . . .        c - +1 buckler
rNeg    . . .        G - +0 plate armour
rPois   .            I - +0 helmet
rElec   .            (no cloak)
rCorr   .            Q - +0 pair of gloves
SInv    .            (no boots)
Will    .....        e - amulet of reflection Stlth
                     o - +4 ring of protection
HPRegen 0.34/turn    J - +6 ring of strength
MPRegen 0.17/turn

%: reflection
@: lethally poisoned (-5 -> -13), under a protective aura, studying Maces &
Flails, heavily drained
A: no striking features
a: Renounce Religion, Draw Escape, Draw Destruction, Draw Summoning


You were on level 10 of the Dungeon.
You worshipped Nemelex Xobeh.
Nemelex Xobeh was noncommittal.
You visited 2 branches of the dungeon, and saw 11 of its levels.
You also visited: Sewer.

You collected 891 gold pieces.
You spent 396 gold pieces at shops.

Inventory:

Hand Weapons
 a - a +0 war axe of protection (weapon)
 b - a +0 vampiric whip
 S - the +5 war axe of War {heavy, *Rage rN++}
   (You found it on level 9 of the Dungeon)

   rN++:      It greatly protects you from negative energy.
   *Rage:     It berserks you when you make melee attacks (+20% chance).
 T - a +6 battleaxe
Missiles
 f - 16 boomerangs
 k - 5 atropa-tipped darts
 v - 17 poisoned darts
 x - 6 curare-tipped darts (quivered)
 K - 9 silver javelins
 V - 3 throwing nets
Armour
 c - a +1 buckler (worn)
 G - a +0 plate armour (worn)
 I - a +0 helmet (worn)
 Q - a +0 pair of gloves (worn)
 W - a +1 scale mail of cold resistance
Jewellery
 e - an amulet of reflection (around neck)
 g - a ring of resist corrosion
 o - a +4 ring of protection (left hand)
 E - an amulet of the acrobat
 J - a +6 ring of strength (right hand)
Talismans
 t - a maw talisman
 P - a storm talisman
Wands
 F - a wand of mindburst (20)
 L - a wand of flame (22)
 R - a wand of iceblast (4)
 U - a wand of quicksilver (5)
Scrolls
 i - 2 scrolls of amnesia {unknown}
 j - 5 scrolls of identify {unknown}
 n - 2 scrolls of poison
 q - 3 scrolls of enchant armour
 r - 7 scrolls of teleportation {unknown}
 w - 3 scrolls of brand weapon
 y - 3 scrolls of revelation {unknown}
 A - 2 scrolls of noise {unknown}
 B - 2 scrolls of vulnerability {unknown}
 C - a scroll of silence
 D - a scroll of fog
 M - a scroll of immolation {unknown}
 N - a scroll of blinking {unknown}
 O - a scroll of fear {unknown}
Potions
 d - a potion of might
 h - a potion of brilliance {unknown}
 l - 2 potions of resistance {unknown}
 m - 2 potions of mutation {unknown}
 p - 2 potions of invisibility {unknown}
 s - 2 potions of curing
 u - 3 potions of haste
 z - 2 potions of enlightenment
 H - 2 potions of lignification {unknown}
 X - a potion of heal wounds {unknown}


   Skills:
 - Level 8.5 Fighting
 - Level 14.6 Axes
 - Level 0.1 Throwing
 - Level 8.7 Armour
 - Level 1.8 Dodging
 - Level 0.4 Stealth
 - Level 9.0 Shields
 + Level 12.5 Invocations


You had 11 spell levels left.
You didn't know any spells.
Your spell library contained the following spells:

 Spells                   Type           Power      Damage    Failure   Level
 Apportation              Tloc           0%         N/A       98%         1
 Sandblast                Erth           0%         2d4       98%         1
 Jinxbite                 Hex            0%         N/A       99%         2
 Passwall                 Erth           0%         N/A       100%        3
 Stone Arrow              Conj/Erth      0%         3d7       100%        3
 Tukima's Dance           Hex            0%         N/A       100%        3
 Animate Dead             Necr           0%         N/A       100%        4
 Brom's Barrelling Bould  Conj/Erth      0%         2d3       100%        4
 Dimensional Bullseye     Hex/Tloc       0%         N/A       100%        4
 Iskenderun's Mystic Bla  Conj/Tloc      0%         2d3       100%        4
 Alistair's Intoxication  Alch           0%         N/A       100%        5
 Borgnjor's Vile Clutch   Necr/Erth      0%         N/A       100%        5
 Death Channel            Necr           0%         N/A       100%        6


Dungeon Overview and Level Annotations

Branches:
Dungeon (10/15)            Temple (1/1) D:4           Sewer (visited)
   Lair: D:8-11         Orc: D:9-12

Altars:
Ashenzari
Cheibriados
Dithmenos
Elyvilon
Fedhas
Gozag
Hepliaklqana
Makhleb
Nemelex Xobeh
Okawaru
Qazlal
Ru
Sif Muna
Trog
Uskayaw
Vehumet
Wu Jian
Xom
Yredelemnul
Zin
The Shining One
Jiyva

Shops:
D:4 (?   D:6 *[

Annotations:
D:5 1 runed translucent door, DoNotCum's ghost, novice DEEE
D:7 1 runed translucent door, Crazy Yiuf
D:9 3 runed translucent doors, SmSkdm's ghost, novice FoFi
D:10 Nergalle


Message History

You are lethally poisoned!
The spectral orc warrior hits you but does no damage.
Nergalle points at you and mumbles some strange words.
Orcish apparitions take form around you.
You block the spectral orc warrior's attack.
You feel better.
You block the spectral orc knight's attack.
The spectral orc knight hits you but does no damage.
You are poisoned.
The spectral orc warrior closely misses you.
The spectral orc warrior hits you with a +0 trident.
* * * LOW HITPOINT WARNING * * *
You feel drained.
You block the spectral orc knight's attack.
Nergalle hits you but does no damage.
The spectral orc warrior unwields a +0 orcbow.
The spectral orc warrior barely misses you.
Okay, then.
Press: ? - help, v - describe, . - travel, g - get item
Here: Nergalle, wielding a +0 dagger and wearing a +0 robe (severely wounded) Item here: a curare-tipped dart.
The floor, spattered with blood.
Aiming: Mindburst
Press: ? - help, Shift-Dir - straight line, f/p - Nergalle
Aim: Nergalle, wielding a +0 dagger and wearing a +0 robe (severely wounded, chance to affect: 29%)
Okay, then.
Aiming: Quicksilver Bolt
Press: ? - help, Shift-Dir - straight line, f/p - Nergalle
Aim: Nergalle, wielding a +0 dagger and wearing a +0 robe (severely wounded, 68% to hit)
The bolt of dispelling energy hits Nergalle!
Nergalle is almost dead.
You feel very sick.
The spectral orc warrior hits you but does no damage.
The spectral orc knight hits you but does no damage.
You block the spectral orc knight's attack.
The spectral orc warrior closely misses you.
Nergalle gestures at you while chanting.
The bolt of negative energy hits you!!
You feel drained.
You die...
Your body disappears without a glow.

##### #>..#
#.ZZ#
#.Z@##########
###.ZZo.).......
#...............
#...............
#......#####....
#......# ...
#......# ##
#......#
#......#


You could see Nergalle, 3 spectral orc warriors and 2 spectral orc knights.

Vanquished Creatures
  Harold (D:10)
  3 two-headed ogres
  Urug (D:10)
  Lodul (D:10)
  Pikel (D:6)
  4 trolls
  Grinder (D:4)
  28 yaks
  A fire elemental (D:10)
  4 fire bats (D:10)
  3 wargs (D:10)
  2 steam dragons
  2 hell hounds (D:10)
  2 water moccasins
  A black bear (D:7)
  3 orc warriors
  An ice beast (D:5)
  2 sky beasts
  9 ogres
  3 centaurs
  2 phantoms
  4 kobold brigands
  A scorpion (D:7)
  5 killer bees (D:9)
  9 howler monkeys
  2 lava snakes (D:10)
  A bombardier beetle (D:6)
  2 hounds (D:7)
  9 orc priests
  A jelly (D:7)
  3 gnoll boudas
  3 iguanas
  Terence (D:3)
  4 orc wizards
  2 river rats (Sewer)
  11 adders
  A shadow imp (D:8)
  4 ufetubi
  3 ribbon worms
  2 dart slugs
  19 orcs
  5 endoplasms
  3 giant cockroaches
  6 goblins
  9 hobgoblins
  4 jackals
  15 kobolds
  4 quokkas
  12 ball pythons
  12 bats
  3 frilled lizards
  5 rats
240 creatures vanquished.

Vanquished Creatures (others)
  A bombardier beetle (D:6)
  An orc wizard (D:7)
2 creatures vanquished.

Grand Total: 242 creatures vanquished

Notes
Turn   | Place    | Note
-------+----------+-------------------------------------------
     0 | D:1      | monsoonserge the Hill Orc Fighter began the quest for the
                  | Orb.
     0 | D:1      | Reached XP level 1. HP: 19/19 MP: 1/1
   230 | D:1      | Reached skill level 3 in Axes
   230 | D:1      | Reached XP level 2. HP: 20/27 MP: 2/2
   955 | D:2      | Reached XP level 3. HP: 28/33 MP: 3/3
  1488 | D:2      | Found an iron altar of Okawaru.
  2109 | D:3      | Found a sparkling altar of Nemelex Xobeh.
  2122 | D:3      | Noticed Terence
  2140 | D:3      | Killed Terence
  2141 | D:3      | Reached XP level 4. HP: 34/40 MP: 4/4
  2210 | D:3      | Reached skill level 4 in Axes
  2217 | D:3      | Reached XP level 5. HP: 18/46 MP: 5/5
  2377 | D:3      | Found a hide-covered altar of Uskayaw.
  2745 | D:4      | Found a bloodstained altar of Trog.
  2799 | D:4      | Found a snail-covered altar of Cheibriados.
  2840 | D:4      | Noticed Grinder
  2844 | D:4      | Paralysed by Grinder for 3 turns
  2857 | D:4      | Killed Grinder
  2858 | D:4      | Reached skill level 6 in Axes
  2858 | D:4      | Reached XP level 6. HP: 38/53 MP: 6/6
  2893 | D:4      | Found Guovewet's Antique Weapon Shoppe.
  2928 | D:4      | Found a staircase to the Ecumenical Temple.
  2937 | D:4      | Reached skill level 1 in Dodging
  2978 | Temple   | Entered the Ecumenical Temple
  2996 | D:4      | Reached skill level 5 in Armour
  2996 | D:4      | Reached XP level 7. HP: 60/60 MP: 7/7
  3015 | D:4      | Found a glowing drain.
  3028 | Sewer    | Entered a sewer
  3896 | D:4      | Found a glowing silver altar of Zin.
  4075 | D:4      | Found Zulukk's Magic Scroll Shoppe.
  4100 | D:4      | Bought a scroll of poison for 52 gold pieces
  4100 | D:4      | Bought a scroll of silence for 123 gold pieces
  4100 | D:4      | Bought a scroll of fog for 52 gold pieces
  4286 | D:5      | Entered Level 5 of the Dungeon
  4286 | D:5      | Found a blossoming altar of Fedhas.
  4300 | D:5      | Reached skill level 7 in Axes
  4300 | D:5      | Reached skill level 5 in Shields
  4467 | D:5      | Found a stormy altar of Qazlal.
  4639 | D:5      | Reached skill level 5 in Fighting
  4639 | D:5      | Reached XP level 8. HP: 59/68 MP: 8/8
  4804 | D:5      | Found a runed translucent door.
  4806 | D:5      | Noticed DoNotCum's ghost (novice DEEE)
  5031 | D:6      | Noticed Pikel
  5049 | D:6      | Killed Pikel
  5050 | D:6      | Reached skill level 9 in Axes
  5332 | D:6      | Reached XP level 9. HP: 67/75 MP: 9/9
  5480 | D:6      | Found Caisott's Antique Armour Shoppe.
  5496 | D:6      | Found Zyetayn's General Store.
  5501 | D:6      | Bought a potion of haste for 130 gold pieces
  5501 | D:6      | Bought a potion of curing for 39 gold pieces
  5767 | D:7      | Reached skill level 10 in Axes
  6168 | D:7      | Found an opulent altar of Gozag.
  6306 | D:7      | Found a runed translucent door.
  6306 | D:7      | Noticed Crazy Yiuf
  6764 | D:8      | Reached skill level 11 in Axes
  6894 | D:8      | Reached skill level 12 in Axes
  6906 | D:8      | Reached XP level 10. HP: 77/84 MP: 10/10
  6939 | D:8      | Found a basalt altar of Yredelemnul.
  7667 | D:9      | Reached skill level 13 in Axes
  7835 | D:9      | Identified the +5 war axe of War {heavy, *Rage rN++}
  7855 | D:9      | Found a runed translucent gate.
  7855 | D:9      | Found a runed translucent gate.
  7855 | D:9      | Noticed SmSkdm's ghost (novice FoFi)
  7856 | D:9      | Found a runed translucent gate.
  7858 | D:9      | Found a viscous altar of Jiyva.
  8012 | D:9      | Reached skill level 14 in Axes
  8123 | D:9      | Found an ornate altar of the Wu Jian Council.
  8368 | D:9      | Reached XP level 11. HP: 84/94 MP: 11/11
  8593 | D:10     | Entered Level 10 of the Dungeon
  8593 | D:10     | Noticed Lodul
  8645 | D:10     | Noticed a two-headed ogre
  8658 | D:10     | Killed a two-headed ogre
  8778 | D:10     | Noticed Harold
  8952 | D:3      | Became a worshipper of Nemelex Xobeh the Trickster
  9208 | D:10     | Identified the +2 dagger of Gluttony {speed, Int-3 Dex+6}
  9231 | D:10     | Noticed Nergalle
  9243 | D:9      | Reached skill level 1 in Invocations
  9348 | D:10     | Killed Harold
  9388 | D:9      | Reached skill level 5 in Invocations
  9582 | D:10     | Noticed a two-headed ogre
  9751 | D:9      | Killed a two-headed ogre
  9975 | D:10     | Noticed Urug
 10016 | D:10     | Killed Urug
 10104 | D:10     | Noticed a two-headed ogre
 10254 | D:10     | Killed a two-headed ogre
 10318 | D:10     | Found a glowing golden altar of the Shining One.
 10622 | D:10     | Reached skill level 10 in Invocations
 10649 | D:10     | Killed Lodul
 10821 | D:10     | Reached XP level 12. HP: 103/103 MP: 20/20
 10991 | D:10     | Found a radiant altar of Vehumet.
 11136 | D:10     | Killed from afar by Nergalle

Illustrated notes

Levels and vault maps discovered:
D:1:      co_arrival_random_square_maze, layout_basic, minmay_misc_feat_ornament
D:2:      layout_basic, basic_altar
D:3:      layout_loops_corners, general_overflow_altar, lemuel_crystal_altar,
          uniq_terence
D:4:      layout_cave_pools, lemuel_tele_altar, trog_three_pillars_becter,
          mainiacjoe_overflow_surrounded_room, temple_fountains, serial_shops,
          shop, nicolae_shop_statue_plus, gup_sewer_entry_glass, uniq_grinder
D:5:      layout_cave_pools, grunt_temple_overflow_forces_of_nature,
          ebering_ghost_sewer_d
D:6:      layout_basic, serial_shops, shop, shop, minmay_manual_mares,
          uniq_pikel
D:7:      layout_loops_ring, mainiacjoe_overflow_tiny_flanked,
          uniq_crazy_yiuf_cottage
D:8:      layout_loops_ring, yredelemnul_altar_generic
D:9:      layout_roguey, amcnicky_altar_gilded, serial_aquarium,
          aquarium_bridge_square [aquarium_subvault_bridge,
          aquarium_subvault_bridge, aquarium_subvault_balcony,
          aquarium_subvault_wall], aquarium_window_corridor_3,
          aquarium_window_fake, aquarium_window_2, aquarium_view_2f,
          gammafunk_ghost_ooze
D:10:     lemuel_castle_with_subvaults [lemuel_castle_interior_carwin_2],
          layout_irregular_city, mainiacjoe_overflow_brackets,
          lemuel_round_altar, tgw_kikubaaqudgha, hangedman_incinerator,
          uniq_nergalle, uniq_harold, uniq_lodul, uniq_urug
Temple:   jpeg_temple_island

Skill      XL: |  1  2  3  4  5  6  7  8  9 10 11 12 |
---------------+-------------------------------------+-----
Axes           | 3 4 6 7 9 12 14 | 14.6
Fighting       | 4 5 6 8 |  8.5
Armour         | 4 5 6 7 8 |  8.7
Shields        | 4 5 6 7 8 9 |  9.0
Dodging        | 1 |  1.8
Invocations    | 11 12 | 12.5
Throwing       | |  0.1
Stealth        | |  0.4

Action                     |  1- 3 |  4- 6 |  7- 9 | 10-12 || total
---------------------------+-------+-------+-------+-------++-------
  Melee: War axe           |   106 |   108 |   346 |   449 ||  1009
  Throw: Dart              |       |       |     1 |     4 ||     5
  Evoke: Wand              |       |       |       |     1 ||     1
    Use: Potion            |       |       |     2 |     2 ||     4
         Scroll            |       |       |     2 |       ||     2
   Stab: Held in net/web   |       |       |       |     3 ||     3
 Armour: Scale mail        |    51 |       |       |       ||    51
         Chain mail        |    11 |    67 |   111 |       ||   189
         Plate armour      |       |       |   141 |   295 ||   436
  Dodge: Dodged            |    32 |    25 |   114 |   124 ||   295
  Block: Buckler           |    54 |    54 |   220 |   272 ||   600
         Reflection        |     4 |       |     1 |     8 ||    13
